 Dungeon Crawl Stone Soup version 0.24-a0-592-g9a1d66b0e3 (webtiles) character file.

Game seed: 3603940431570457261, levelgen mode: deterministic

227 Mithandil the Conjurer (level 6, -1/35 HPs)
             Began as a Tengu Conjurer on Sept 9, 2019.
             Slain by Edmund
             ... wielding a +7 flail of protection
              (9 damage)
             ... on level 4 of the Dungeon.
             The game lasted 00:14:15 (2798 turns).

Mithandil the Conjurer (Tengu Conjurer)             Turns: 2798, Time: 00:14:16

Health: -1/35      AC:  6    Str: 13    XL:     6   Next: 2%
Magic:  1/12       EV: 14    Int: 18    God:
Gold:   159        SH:  0    Dex: 14    Spells: 0/11 levels left

rFire    . . .     SeeInvis .   a - +6 short sword (flame)
rCold    . . .     Gourm    .   (no shield)
rNeg     . . .     Faith    .   j - +0 ring mail
rPois    .         Spirit   .   (helmet restricted)
rElec    .         Reflect  .   (no cloak)
rCorr    .         Harm     .   v - +0 pair of gloves
MR       .....                  (boots unavailable)
Stlth    ++........             (no amulet)
HPRegen  0.11/turn              (no ring)
MPRegen  0.13/turn              (no ring)

@: mighty, flying quickly and evasively, quick
A: beak, talons 3, able to fly
a: Stop Flying


You were on level 4 of the Dungeon.
You were not hungry.

You visited 2 branches of the dungeon, and saw 7 of its levels.

You collected 159 gold pieces.

Inventory:

Hand Weapons
 a - a +6 short sword of flaming (weapon)
 b - a +0 hunting sling
 l - a +0 quarterstaff
Missiles
 g - 106 stones
 h - 32 bolts
 k - 4 silver javelins (quivered)
 n - 55 arrows
 x - 22 sling bullets
Armour
 j - a +0 ring mail (worn)
 v - a +0 pair of gloves (worn)
Wands
 m - a wand of digging (2)
Scrolls
 d - 3 scrolls of identify
 e - a scroll of teleportation
 f - a scroll of blinking {unknown}
 p - a scroll of immolation {unknown}
 q - a scroll of amnesia {unknown}
 s - a scroll of enchant weapon {unknown}
 u - a scroll of magic mapping {unknown}
 w - a scroll of remove curse
 y - a scroll of noise {unknown}
 A - a scroll of enchant armour {unknown}
Potions
 z - a potion of magic
Comestibles
 c - 8 rations
 o - 6 chunks of flesh


   Skills:
 + Level 1.7 Fighting
 * Level 1.3 Staves
 + Level 3.1 Dodging
 + Level 2.8 Stealth
 * Level 3.3 Spellcasting
 * Level 6.5 Conjurations


You couldn't memorise any spells.
You knew the following spells:

 Your Spells              Type           Power        Failure   Level  Hunger
a - Magic Dart            Conj           ####         2%          1    None
b - Searing Ray           Conj           ####..       3%          2    ##.....
c - Force Lance           Conj/Tloc      ##......     65%         4    ####...
d - Iskenderun's Mystic   Conj           ####....     24%         4    ####...

Your spell library contained the following spells:

 Spells                   Type           Power        Failure   Level  Hunger
 Dazzling Spray           Conj/Hex       ##....       26%         3    ###....
 Fulminant Prism          Conj/Hex       ##........   65%         4    ####...


Dungeon Overview and Level Annotations

Branches:
Dungeon (6/15)             Temple (1/1) D:4

Altars:
Cheibriados
Gozag
Kikubaaqudgha
Makhleb
Nemelex Xobeh
Qazlal
Sif Muna
Trog
Uskayaw
Wu Jian
Xom
Yredelemnul
Zin
The Shining One

Annotations:
D:4 Edmund


Innate Abilities, Weirdness & Mutations

You have a beak for a mouth.
You have claws for feet.
You can fly continuously.


Message History

Edmund is moderately wounded.
You finish channeling your searing ray.
Edmund hits you with a +7 flail of protection!
* * * LOW HITPOINT WARNING * * *
Edmund barely misses you.
Casting: Searing Ray (safe; 4% risk of failure)
Confirm with . or Enter, or press ? or * to list all spells.
Aiming: Searing Ray (safe; 4% risk of failure)
Press: ? - help, Shift-Dir - straight line, f/p - Edmund
Aim: Edmund, wielding a +7 flail of protection and wearing a +0 chain mail of fire resistance (moderately wounded)
The searing ray misses Edmund. (Press . to maintain the ray.) Edmund closely misses you.
The searing ray hits Edmund but does no damage.
Edmund is moderately wounded.
Without enough magic to sustain it, your searing ray dissipates.
Edmund barely misses you.
You feel very mighty all of a sudden.
Edmund hits you with a +7 flail of protection!
You die...

8#.##......#
8#.##.......# #.#
8#.##.......# #.#
##.########..#
#(# ##.# #.# #.#
#.# .# #.# #.# .
#.######## #.#
####.##........#
##.#
...!..@@.......#
...#
.###..#........#
...#
##.#.....^..#
...#
.............#
...#
.....#.........##
#### .....
#..#.......# #.##
##.#.......#
####.####
#>#.......#
#.......#
#.#.......#


You could see Edmund.

Vanquished Creatures
  2 hounds
  A centaur skeleton (D:5)
  A worker ant (D:4)
  Terence (D:3)
  4 adders
  An ooze (D:1)
  An adder skeleton (D:4)
  A worm (D:2)
  2 dart slugs (D:2)
  3 leopard geckos
  A giant cockroach (D:2)
  3 goblins
  7 hobgoblins
  8 jackals
  2 ball pythons
  5 frilled lizards
  2 kobolds
  3 rats
48 creatures vanquished.

Notes
Turn   | Place    | Note
-------+----------+-------------------------------------------
     0 | D:1      | Mithandil the Tengu Conjurer began the quest for the Orb.
     0 | D:1      | Reached XP level 1. HP: 10/10 MP: 4/4
   211 | D:1      | Reached XP level 2. HP: 16/16 MP: 1/6
   215 | D:1      | Learned a level 2 spell: Searing Ray
   955 | D:2      | Found a burning altar of Makhleb.
  1065 | D:2      | Reached XP level 3. HP: 20/20 MP: 3/7
  1136 | D:3      | Noticed Terence
  1184 | D:2      | Found a snail-covered altar of Cheibriados.
  1275 | D:3      | Killed Terence
  1275 | D:3      | Reached skill level 1 in Fighting
  1275 | D:3      | Reached XP level 4. HP: 25/25 MP: 3/9
  1292 | D:3      | Reached skill level 6 in Conjurations
  1747 | D:2      | Found a bloodstained altar of Trog.
  1754 | D:2      | Gained mutation: You can fly continuously. [Tengu growth]
  1754 | D:2      | Reached XP level 5. HP: 29/29 MP: 8/10
  1769 | D:2      | Learned a level 4 spell: Force Lance
  1987 | D:4      | Found a staircase to the Ecumenical Temple.
  2008 | Temple   | Entered the Ecumenical Temple
  2360 | D:5      | Entered Level 5 of the Dungeon
  2377 | D:5      | Reached skill level 1 in Staves
  2615 | D:4      | Reached XP level 6. HP: 35/35 MP: 5/12
  2621 | D:4      | Learned a level 4 spell: Iskenderun's Mystic Blast
  2782 | D:4      | Noticed Edmund
  2798 | D:4      | Slain by Edmund

Levels and vault maps discovered:
D:1:      dpeg_arrival_snail, layout_loops_ring, serial_park_tiny_2
D:2:      layout_rooms, lemuel_doored_altar, kennysheep_slug_shrine,
          trog_three_pillars_becter
D:3:      layout_rooms, marbit_many_paths, lemuel_crystal_altar, first_ration,
          uniq_terence
D:4:      layout_basic, minmay_temple_entry_statues, yredelemnul_altar_generic,
          uniq_edmund
D:5:      layout_loops_corners, nicolae_overflow_crystal_walls, basic_altar,
          uniq_blork_the_orc
D:6:      layout_cave_pools, serial_shops, shop, uniq_duvessa, uniq_grinder
Temple:   minmay_temple_curvy_loop

Skill      XL: |  1  2  3  4  5 |
---------------+----------------+-----
Fighting       | 1 |  1.7
Conjurations   | 6 |  6.5
Spellcasting   | 3 |  3.3
Dodging        | 3 |  3.1
Staves         | 1 |  1.3
Stealth        | |  2.8

Action                   |  1- 3 |  4- 6 || total
-------------------------+-------+-------++-------
Melee: Club              |    10 |     8 ||    18
       Peck              |     1 |     1 ||     2
       Kick              |     1 |     1 ||     2
       Short sword       |       |    11 ||    11
 Cast: Magic Dart        |    34 |    42 ||    76
       Searing Ray       |     3 |     6 ||     9
 Abil: Fly               |       |     1 ||     1
  Use: Potion            |     4 |     4 ||     8
       Scroll            |       |     5 ||     5
 Stab: Sleeping          |     1 |     1 ||     2
  Eat: Chunk             |     1 |     5 ||     6
Armor: Robe              |     1 |       ||     1
       Ring mail         |     4 |    13 ||    17
Dodge: Dodged            |    11 |    27 ||    38

Table legend:
 A = Non-vault XP
 B = Vault XP
 C = Vault XP percentage of total XP
 D = Non-vault monster count
 E = Vault monster count
 F = Vault count percentage of total count
                 A         B        C        D         E       F
            +---------+---------+-------+---------+---------+-------
      Total |     289 |      36 |  11.1 |      46 |       2 |   4.2
            +---------+---------+-------+---------+---------+-------
        D:1 |      18 |       0 |   0.0 |       8 |       0 |   0.0
        D:2 |      41 |       4 |   8.9 |      13 |       1 |   7.1
        D:3 |      55 |      32 |  36.8 |      13 |       1 |   7.1
        D:4 |      48 |       0 |   0.0 |       8 |       0 |   0.0
        D:5 |      81 |       0 |   0.0 |       2 |       0 |   0.0
        D:6 |      46 |       0 |   0.0 |       2 |       0 |   0.0
            +---------+---------+-------+---------+---------+-------
